 Dungeon Crawl Stone Soup version 0.29.1-15-g9cfb28693d (webtiles) character file.

Game seed: 13206356405506535312

2059 Peloso the Protected (level 9, -1/75 HPs)
             Began as a Minotaur Fighter on Apr 8, 2023.
             Slain by a yak (3 damage)
             ... on level 5 of the Dungeon.
             The game lasted 00:09:36 (5687 turns).

Peloso the Protected (Minotaur Fighter)             Turns: 5687, Time: 00:09:37

Health: -1/75      AC: 15    Str: 23    XL:     9   Next: 5%
Magic:  8/8        EV:  4    Int:  5    God:
Gold:   336        SH: 14    Dex: 12    Spells: 8/8 levels left

rFire   . . .      SeeInvis .   c - +4 short sword
rCold   . . .      Faith    .   d - +0 tower shield
rNeg    . . .      Spirit   .   u - +1 plate armour {rPois}
rPois   +          Reflect  .   (helmet restricted)
rElec   .          Harm     .   (no cloak)
rCorr   .          Rampage  .   (no gloves)
Will    .....                   (no boots)
Stlth   ..........              (no amulet)
HPRegen 0.22/turn               (no ring)
MPRegen 0.11/turn               (no ring)

@: no status effects
A: horns 2, retaliatory headbutt
a: no special abilities


You were on level 5 of the Dungeon.
You visited 2 branches of the dungeon, and saw 7 of its levels.

You collected 336 gold pieces.

Inventory:

Hand Weapons
 a - a +0 long sword
 c - a +4 short sword (weapon)
Missiles
 e - a throwing net (quivered)
Armour
 b - a +0 chain mail
 d - a +0 tower shield (worn)
 u - a +1 plate armour of poison resistance (worn)
Wands
 l - a wand of digging (3)
 q - a wand of flame (20)
Scrolls
 i - a scroll of enchant weapon
 j - a scroll of acquirement {unknown}
 m - a scroll of teleportation
 n - a scroll of blinking {unknown}
 o - a scroll of enchant armour {unknown}
 p - a scroll of poison {unknown}
 r - a scroll of amnesia {unknown}
 v - a scroll of magic mapping {unknown}
 w - a scroll of identify
Potions
 f - 2 potions of curing
 g - a potion of might
 h - 3 potions of mutation
 k - 3 potions of resistance {unknown}
 s - 2 potions of attraction {unknown}


   Skills:
 + Level 5.8 Fighting
 + Level 6.7(7.1) Short Blades
 + Level 3.8(6.1) Long Blades
 + Level 8.9 Armour
 + Level 2.2 Dodging
 + Level 1.4 Stealth
 + Level 6.9 Shields


You had 8 spell levels left.
You didn't know any spells.
Your spell library contained the following spells:

 Spells                   Type           Power      Damage    Failure   Level
 Shock                    Conj/Air       0%         1d3       100%        1
 Sting                    Tmut/Pois      0%         1d3       100%        1
 Poisonous Vapours        Pois/Air       0%         N/A       100%        2
 Ozocubu's Armour         Ice            0%         N/A       100%        3
 Olgreb's Toxic Radiance  Pois           0%         N/A       100%        4
 Metabolic Englaciation   Hex/Ice        0%         N/A       100%        5
 Summon Forest            Summ/Tloc      0%         N/A       100%        5
 Summon Mana Viper        Hex/Summ       0%         N/A       100%        5
 Simulacrum               Ice/Necr       0%         N/A       100%        6
 Summon Cactus Giant      Summ           0%         N/A       100%        6
 Haunt                    Necr/Summ      0%         N/A       100%        7
 Infestation              Necr           0%         N/A       100%        8


Dungeon Overview and Level Annotations

Branches:
Dungeon (6/15)             Temple (1/1) D:4

Altars:
Ashenzari
Dithmenos
Gozag
Hepliaklqana
Kikubaaqudgha
Makhleb
Nemelex Xobeh
Qazlal
Ru
Trog
Vehumet
Yredelemnul
Zin
The Shining One

Shops:
D:3 :   D:4 :

Annotations:
D:5 1 runed translucent door, shealacz's ghost, amateur HOFE


Innate Abilities, Weirdness & Mutations

You have a pair of horns on your head.
You reflexively headbutt those who attack you in melee.


Message History

The yak gores you. The orc hits you but does no damage.
You hit the black bear. Your headbutt misses the black bear.
The black bear is severely wounded.
The orc hits you but does no damage.
The black bear goes berserk!
You block the yak's attack. You block the orc's attack.
You hit the black bear. Your headbutt misses the black bear.
The black bear is almost dead.
The black bear bites you! You block the black bear's attack.
The black bear claws you but does no damage.
The orc hits you with a +2 mace of protection.
The yak gores you. The orc hits you but does no damage.
The black bear bites you but does no damage.
You block the black bear's attack.
The black bear claws you but does no damage.
The yak gores you but does no damage. You block the orc's attack.
The orc hits you but does no damage.
You completely miss the black bear.
The black bear is almost dead.
You block the black bear's attack.
The black bear claws you but does no damage.
The black bear claws you. The black bear bites you!
* * * LOW HITPOINT WARNING * * *
You block the black bear's attack. x2; The orc hits you but does no damage.
The yak gores you!
* * * LOW HITPOINT WARNING * * *
The orc hits you but does no damage.
You feel better. You block the black bear's attack. x2
The black bear claws you but does no damage.
The orc hits you with a +2 mace of protection.
* * * LOW HITPOINT WARNING * * *
The yak gores you but does no damage. You block the orc's attack.
You feel better. The black bear bites you!
* * * LOW HITPOINT WARNING * * *
You block the black bear's attack. x3; The black bear claws you.
* * * LOW HITPOINT WARNING * * *
The black bear claws you but does no damage.
The orc hits you with a +2 mace of protection.
* * * LOW HITPOINT WARNING * * *
The yak gores you.
You die...

.# ####.###########)#.###.###.~
.# ##.## #..###......#W~ .# #...#
##.## ##.#.####+ .# #...# #.##
##..# #.. .# #...# ##.##
##...###.. ### #...#
#..###......... ..######...######
#...#..........
...............o####...##........
..)...........oY@h....###........
...............o###........<.....
...#####...###### #.#.###........
...# #...# #.#.###........ ...#
#...# #.#..##.######. #### #...#
#.##.##.# #. # #...## ##.##.##.##
#. # ##...# #.........#####. #
###.# ###...#.#...).))<.


You could see a yak, a black bear (berserk) and 3 orcs.

Vanquished Creatures
  2 water moccasins (D:5)
  An orc warrior (D:5)
  2 black bears
  3 ogres
  A centaur (D:5)
  A phantom (D:4)
  A kobold brigand (D:6)
  4 scorpions
  4 necrophages (D:5)
  4 hounds
  A jelly (D:4)
  2 orc priests (D:3)
  An iguana (D:5)
  Jessica (D:3)
  Terence (D:3)
  3 orc wizards
  8 gnolls
  9 adders
  3 dart slugs
  17 orcs
  4 ball pythons
  3 endoplasms
  3 giant cockroaches
  2 hobgoblins
  10 jackals
  3 quokkas
  3 bats
  4 frilled lizards
  4 goblins
  9 kobolds
  2 rats
116 creatures vanquished.

Vanquished Creatures (others)
  An iguana (D:6)
  An adder (D:6)
  4 plants (D:1)
6 creatures vanquished.

Grand Total: 122 creatures vanquished

Notes
Turn   | Place    | Note
-------+----------+-------------------------------------------
     0 | D:1      | Peloso the Minotaur Fighter began the quest for the Orb.
     0 | D:1      | Reached XP level 1. HP: 19/19 MP: 0/0
   162 | D:1      | Reached XP level 2. HP: 27/27 MP: 1/1
   345 | D:1      | Reached skill level 4 in Armour
   750 | D:2      | Found a hazy altar of Hepliaklqana.
   815 | D:2      | Reached XP level 3. HP: 33/33 MP: 2/2
  1310 | D:3      | Noticed Jessica
  1319 | D:3      | Killed Jessica
  1320 | D:3      | Reached XP level 4. HP: 33/40 MP: 3/3
  1384 | D:3      | Found a shadowy altar of Dithmenos.
  1475 | D:3      | Found Tuit's Book Boutique.
  1484 | D:3      | Reached skill level 1 in Short Blades
  1723 | D:3      | Reached XP level 5. HP: 27/47 MP: 4/4
  2207 | D:3      | Found a broken altar of Ashenzari.
  2231 | D:3      | Found a glowing silver altar of Zin.
  2247 | D:3      | Found a bloodstained altar of Trog.
  2258 | D:3      | Noticed a black bear
  2265 | D:3      | Killed a black bear
  2266 | D:3      | Reached skill level 5 in Armour
  2266 | D:3      | Reached skill level 1 in Dodging
  2268 | D:3      | Reached XP level 6. HP: 53/53 MP: 5/5
  2319 | D:3      | Noticed Terence
  2326 | D:3      | Killed Terence
  2376 | D:3      | Found a faded altar of an unknown god.
  2611 | D:4      | Found a staircase to the Ecumenical Temple.
  2618 | Temple   | Entered the Ecumenical Temple
  2950 | D:4      | Reached skill level 5 in Shields
  2993 | D:4      | Reached XP level 7. HP: 54/60 MP: 6/6
  3192 | D:4      | Reached skill level 6 in Armour
  3362 | D:4      | Reached skill level 1 in Stealth
  3502 | D:4      | Found Jaathrymm's Book Boutique.
  3541 | D:5      | Entered Level 5 of the Dungeon
  3553 | D:5      | Reached skill level 5 in Fighting
  3676 | D:5      | Found an opulent altar of Gozag.
  4047 | D:5      | Reached skill level 7 in Armour
  4133 | D:5      | Found a runed translucent door.
  4135 | D:5      | Noticed shealacz's ghost (amateur HOFE)
  4189 | D:5      | Reached skill level 5 in Short Blades
  4189 | D:5      | Reached XP level 8. HP: 61/68 MP: 7/7
  4888 | D:5      | Reached skill level 8 in Armour
  4952 | D:6      | Got the Teachings on Lethal Shadows
  5565 | D:5      | Reached XP level 9. HP: 50/75 MP: 8/8
  5687 | D:5      | HP: 2/75 [orc/+2 mace of protection (3)]
  5687 | D:5      | Slain by a yak

Illustrated notes

Levels and vault maps discovered:
D:1:      roderic_crop_circles_arrival_small, layout_loops_ring
D:2:      layout_rooms, basic_altar, fountainhead
D:3:      layout_basic, grunt_dithmenos_smoke_and_mirrors,
          mainiacjoe_overflow_paths, mainiacjoe_overflow_tiny_flanked,
          ashenzari_altar_1, serial_shops, nicolae_shop_advertising_works
          [nicolae_subvault_shop_adworks], nicolae_ecumenical_pavilion,
          kennysheep_orc_chapel, uniq_terence, uniq_jessica
D:4:      layout_basic, minmay_temple_entry_offerings, serial_shops,
          nicolae_square_shop
D:5:      layout_loops_cross, nicolae_gozag_cash_rules_everything_around_me,
          ebering_ghost_reflecting_pool
D:6:      lemuel_ice_spiral_2, layout_rooms, xom_confusion_cloud, nicolae_titane
Temple:   nicolae_temple_ecumenical_triangle

Skill      XL: |  1  2  3  4  5  6  7  8 |
---------------+-------------------------+-----
Armour         | 4 5 7 8 |  8.9
Long Blades    | 3 |  3.8
Shields        | 4 5 6 |  6.9
Fighting       | 4 5 |  5.8
Short Blades   | 1 3 5 6 |  6.7
Dodging        | 1 2 |  2.2
Stealth        | 1 |  1.4

Action                   |  1- 3 |  4- 6 |  7- 9 || total
-------------------------+-------+-------+-------++-------
Melee: Long sword        |    27 |       |       ||    27
       Headbutt          |    13 |    14 |    54 ||    81
       Short sword       |    51 |    90 |   232 ||   373
  Use: Scroll            |     3 |     2 |     1 ||     6
       Potion            |     2 |     1 |     5 ||     8
Armor: Scale mail        |    37 |    11 |       ||    48
       Chain mail        |       |    24 |    22 ||    46
       Plate armour      |       |       |   125 ||   125
Dodge: Dodged            |    54 |    33 |    51 ||   138
Block: Buckler           |    24 |    16 |    24 ||    64
       Tower shield      |       |       |   113 ||   113
